 Dungeon Crawl Stone Soup version 0.26-a0-27-g1f0226971c (webtiles) character file.

Game seed: 12876206446518316387, levelgen mode: deterministic

245694 Arthanis the Severer (level 19, -21/114 HPs)
             Began as a Gargoyle Berserker on May 27, 2020.
             Was a High Priest of Trog.
             Killed from afar by a deep elf annihilator (71 damage)
             ... with a crystal spear
             ... on level 3 of the Elven Halls.
             The game lasted 01:14:45 (29914 turns).

Arthanis the Severer (Gargoyle Berserker)          Turns: 29914, Time: 01:14:46

Health: -21/114    AC: 45    Str: 27    XL:     19   Next: 94%
Magic:  26/27      EV: 15    Int: 15    God:    Trog [*****.]
Gold:   386        SH:  0    Dex: 12    Spells: 18/18 levels left

rFire    + + +     SeeInvis .   b - +9 executioner's axe (vamp)
rCold    + + .     Gourm    .   (shield currently unavailable)
rNeg     + + +     Faith    .   E - +3 plate armour "Vajugeik" {MR+ Dex+3}
rPois    ∞         Spirit   .   I - +1 helmet of Ninlegad {-Cast rC+ rN++ Regen+}
rElec    +         Reflect  .   L - scarf {rC+ rF+}
rCorr    .         Harm     .   F - +2 pair of gloves {Str+3}
MR       ++++.     NoCast   +   T - +0 pair of boots of Love and Death {+Inv rF+}
Stlth    +.........             l - amulet of the Air {Inacc +Fly rElec EV+5 RMsl}
HPRegen  1.69/turn              z - ring "Geughasa" {rF+ rN+ Str+2}
MPRegen  0.20/turn              y - +4 ring of protection

@: mighty, flying, regenerating, repel missiles
A: big wings, frail 1, negative energy resistance 1, electricity resistance,
unbreathing, petrification resistance, rot immunity, AC +14
}: 1/15 runes: serpentine
a: Stop Flying, Berserk, Trog's Hand, Brothers in Arms, Renounce Religion, Evoke
Invisibility


You were on level 3 of the Elven Halls.
You worshipped Trog.
Trog was extremely pleased with you.
You were not hungry.

You visited 5 branches of the dungeon, and saw 30 of its levels.
You visited the Abyss 2 times.
You also visited: Bailey, Gauntlet, Ice Cave and Volcano.

You collected 3178 gold pieces.
You spent 2792 gold pieces at shops.

Inventory:

Hand Weapons
 b - a +9 vampiric executioner's axe (weapon)
 o - a +1 executioner's axe of freezing
 q - the +14 obsidian axe {vorpal, +Fly SInv *Curse}
   (You found it on level 7 of the Dungeon)

   It inflicts extra damage upon your enemies.
   It lets you see invisible.
   It lets you fly.
   It curses itself when equipped.
 D - a +3 broad axe of flaming
 N - a +3 vorpal broad axe
 Z - a +1 antimagic broad axe
Missiles
 g - 2 throwing nets (quivered)
Armour
 d - the +2 shield of Resistance {rF+ rC+ MR+}
   (You found it on level 12 of the Dungeon)

   It protects you from fire.
   It protects you from cold.
   It affects your resistance to hostile enchantments.
 e - a +1 pair of boots of running
 E - the +3 plate armour "Vajugeik" (worn) {MR+ Dex+3}
   (You bought it in a shop on level 4 of the Snake Pit)

   It affects your dexterity (+3).
   It affects your resistance to hostile enchantments.
 F - a +2 pair of gloves of strength (worn)
 I - the +1 helmet of Ninlegad (worn) {-Cast rC+ rN++ Regen+}
   (You found it on level 4 of the Dungeon)

   It protects you from cold.
   It greatly protects you from negative energy.
   It prevents spellcasting.
   It increases your rate of regeneration.
 L - a scarf of resistance (worn)
 T - the +0 pair of boots of Love and Death (worn) {+Inv rF+}
   (You found it on level 13 of the Dungeon)

   It protects you from fire.
   It lets you turn invisible.
Jewellery
 l - the amulet of the Air (around neck) {Inacc +Fly rElec EV+5 RMsl}
   (You found it on level 5 of the Lair of Beasts)

   [amulet of inaccuracy]

   It reduces the accuracy of all your attacks.
   It affects your evasion (+5).
   It insulates you from electricity.
   It lets you fly.
   It protects you from missiles.
 y - a +4 ring of protection (right hand)
 z - the ring "Geughasa" (left hand) {rF+ rN+ Str+2}
   (You found it in a bailey)

   [ring of protection from fire]

   It affects your strength (+2).
   It protects you from fire.
   It protects you from negative energy.
 O - an uncursed amulet of faith
Wands
 m - a wand of disintegration (35)
 B - a wand of acid (11)
 H - a wand of flame (74)
 K - a wand of iceblast (32)
 R - a wand of paralysis (20)
Scrolls
 a - 4 scrolls of fear
 i - 8 scrolls of immolation
 k - 7 scrolls of enchant armour
 n - 3 scrolls of holy word
 p - 6 scrolls of remove curse
 t - 17 scrolls of teleportation
 w - 8 scrolls of blinking
 x - 9 scrolls of identify
 C - 5 scrolls of fog
 M - 4 scrolls of magic mapping
 U - 4 scrolls of enchant weapon
 Y - 7 scrolls of summoning
Potions
 f - 10 potions of heal wounds
 h - 6 potions of berserk rage
 j - 4 potions of mutation
 r - 5 potions of stabbing
 s - 4 potions of magic
 u - 4 potions of brilliance
 G - 3 potions of invisibility
 J - 14 potions of curing
 P - 7 potions of might
 Q - 5 potions of cancellation
 S - 2 potions of resistance
 V - 5 potions of haste
 X - 3 potions of ambrosia
Miscellaneous
 v - a box of beasts
 A - a lightning rod (2/4)
Comestibles
 c - 71 rations


   Skills:
 + Level 16.6 Fighting
 * Level 19.7 Axes
 + Level 13.8 Armour
 + Level 5.8 Dodging
 - Level 14.0 Stealth
 - Level 11.8 Shields
 + Level 10.8 Evocations


You had 18 spell levels left.
You didn't know any spells.
Your spell library contained the following spells:

 Spells                   Type           Power        Failure   Level  Hunger
 Animate Skeleton         Necr           N/A          88%         1    ##.....
 Apportation              Tloc           #.....       88%         1    ##.....
 Beastly Appendage        Tmut           #.....       88%         1    ##.....
 Corona                   Hex            #......      88%         1    ##.....
 Foxfire                  Conj/Fire      #...         88%         1    ##.....
 Infusion                 Chrm           #...         88%         1    ##.....
 Shock                    Conj/Air       #...         88%         1    ##.....
 Sting                    Tmut/Pois      #...         88%         1    ##.....
 Summon Butterflies       Summ           #.......     88%         1    ##.....
 Summon Small Mammal      Summ           #...         88%         1    ##.....
 Poisonous Vapours        Pois/Air       #.....       95%         2    ###....
 Shroud of Golubria       Chrm/Tloc      #.....       95%         2    ###....
 Song of Slaying          Chrm           #.......     95%         2    ###....
 Sticks to Snakes         Tmut           #.......     95%         2    ###....
 Swiftness                Chrm/Air       #.......     95%         2    ###....
 Call Canine Familiar     Summ           #.......     99%         3    ####...
 Conjure Flame            Conj/Fire      #.......     99%         3    ####...
 Ignite Poison            Fire/Tmut/Pois #.......     99%         3    ####...
 Inner Flame              Hex/Fire       #.......     99%         3    ####...
 Mephitic Cloud           Conj/Pois/Air  #.......     99%         3    ####...
 Ozocubu's Armour         Chrm/Ice       #.......     99%         3    ####...
 Spectral Weapon          Hex/Chrm       #.......     99%         3    ####...
 Spider Form              Tmut/Pois      #.........   99%         3    ####...
 Static Discharge         Conj/Air       #.......     99%         3    ####...
 Airstrike                Air            #.........   100%        4    #####..
 Ice Form                 Ice/Tmut       #.......     100%        4    #####..
 Olgreb's Toxic Radiance  Pois           #.......     100%        4    #####..
 Sticky Flame             Conj/Fire      #.......     100%        4    #####..
 Summon Ice Beast         Ice/Summ       #.......     100%        4    #####..
 Blade Hands              Tmut           #.........   100%        5    ######.
 Fireball                 Conj/Fire      #.........   100%        5    ######.
 Lightning Bolt           Conj/Air       #.........   100%        5    ######.
 Summon Forest            Summ/Tloc      #.........   100%        5    ######.
 Summon Mana Viper        Hex/Summ       #.......     100%        5    ######.
 Freezing Cloud           Conj/Ice/Air   #.........   100%        6    #######
 Ring of Flames           Chrm/Fire      #.........   100%        7    #######
 Spellforged Servitor     Conj/Summ      #.........   100%        7    #######
 Summon Hydra             Summ           #.........   100%        7    #######


Dungeon Overview and Level Annotations

Branches:
Dungeon (15/15)            Temple (0/1) D:4            Lair (6/6) D:11
 Shoals (0/4) Lair:4        Snake (4/4) Lair:3        Slime (0/5) Lair:6
    Orc (2/2) D:12            Elf (3/3) Orc:2        Vaults (0/5) D:14
 Depths (0/5) D:15         Bailey (visited)           IceCv (visited)
Volcano (visited)         Gauntlet (visited)

Altars:
Cheibriados
Dithmenos
Fedhas
Makhleb
Ru
Sif Muna
Trog
Uskayaw
Vehumet
Wu Jian
Xom
Yredelemnul
Zin
The Shining One
Beogh

Shops:
D:8 *   D:9 [   Orc:2 :(**   Elf:3 =}}[   Snake:4 %*!!

Annotations:
D:12 1 runed translucent door
Snake:1 1 transporter, Pufomaci's ghost, adept GrBe
Elf:2 5 runed translucent doors


Innate Abilities, Weirdness & Mutations

You are resistant to torment.
Your stone body is resilient. (AC +14)
You are immune to poison.
Your large and strong wings let you fly indefinitely.
You resist negative energy. (rN+)
You are resistant to electric shocks. (rElec)
You can survive without breathing.
You are immune to petrification.
You are immune to rotting.
You are frail. (-10% HP)


Message History

You kill the deep elf blademaster!
Trog accepts your kill.
Your lightning rod (2/4) has regained one charge.
Things that are here:
a +0 rapier x2; a +0 leather armour The ancient zyme's inner flame fades away.
A deep elf master archer comes into view.
You swing at nothing.
You swing at nothing.
You slice the ancient zyme!!
You destroy the ancient zyme!
Trog accepts your kill.
A deep elf elementalist comes into view.
It is wielding a +0 long sword.
The deep elf master archer wields a +0 longbow.
The deep elf master archer shoots an arrow.
The arrow hits you!
The deep elf annihilator casts a spell at you.
The crystal spear hits you!!!
Ouch! That really hurt!
You die...

∩..# ##...# ♣### #.e.# ♣
##)## ♣ ##%.# ♣ #)).#
#.))# #..)## #..e.#
###@### # ###..e..### ##
###.........### .#
#.............#
.#########.............#
.'......((.............#
.#########.......[.....#
.# #.(([().......# ##
#.∩(..........#


You could see a deep elf master archer, a deep elf annihilator and a deep elf
elementalist (repels missiles).

Vanquished Creatures
  Rupert (Lair:6)
  A deep elf blademaster (Elf:3)
  2 acid blobs (D:13)
  4 tentacled starspawn (Abyss:3)
  5 nagarajas
  3 deep elf sorcerers (Elf:3)
  Aizul (Snake:2)
  An orc warlord (Bailey)
  2 deep elf elementalists
  A stone giant (Orc:1)
  2 deep elf demonologists
  5 dire elephants (Abyss:4)
  A minotaur (Gauntlet)
  A yellow draconian (Elf:1)
  2 fire dragons (D:12)
  3 deep elf death magi
  A yaktaur captain (D:15)
  4 vault guards (D:14)
  A rakshasa (Abyss:3)
  Harold (D:10)
  10 hydras
  2 ice dragons (D:12)
  3 catoblepae
  12 naga warriors
  5 two-headed ogres
  9 anacondas
  5 centaur warriors
  13 dancing weapons
  A queen ant (Lair:3)
  8 death yaks
  An orc high priest (Orc:2)
  A deep troll shaman (Lair:6)
  2 thrashing horrors (Abyss:3)
  The ghost of p0werm0de the Blocker, a novice OpFi of Gozag (D:9)
  Urug (D:13)
  A sun demon (Volcano)
  5 shock serpents
  2 wretched stars
  14 deep elf knights
  10 naga sharpshooters
  5 skeletal warriors (D:15)
  A sixfirhy (Abyss:3)
  5 unseen horrors
  5 sea snakes (Snake:3)
  9 naga ritualists
  An orange crystal statue (Elf:2)
  14 deep elf archers
  4 orc knights
  2 glowing orange brains (Abyss:3)
  3 lindwurms
  5 orc sorcerers
  6 large abominations (Abyss:3)
  12 mana vipers
  61 deep elf magi
  A harpy (shapeshifter) (D:15)
  8 salamanders
  Pikel (D:4)
  A cyclops (D:15)
  A manticore (D:14)
  2 moths of wrath
  8 elephants
  4 ugly things
  A worldbinder (Abyss:3)
  3 guardian serpents
  A molten gargoyle (Volcano)
  14 naga magi
  32 black mambas
  3 ice statues
  2 centaur zombies
  9 spiny frogs
  A gargoyle (Volcano)
  9 rime drakes
  A yaktaur (D:15)
  2 efreet
  A kobold demonologist (D:15)
  3 komodo dragons
  An ancient zyme (Elf:3)
  2 red devils (Volcano)
  10 trolls
  A hornet (shapeshifter) (D:15)
  3 polar bears (Lair:6)
  6 hornets
  11 hippogriffs
  5 raiju
  A harpy skeleton (D:15)
  8 slime creatures
  13 blink frogs
  A flying skull (Abyss:3)
  4 air elementals
  5 redbacks
  2 vampires
  2 ynoxinuls (Abyss:3)
  57 yaks
  A shadow (D:13)
  4 fire elementals
  32 starcursed masses (Abyss:3)
  2 small abominations (Abyss:3)
  6 wraiths
  A human (shapeshifter) (Elf:1)
  3 water elementals
  8 wyverns
  7 fire bats
  4 basilisks
  A hungry ghost (D:10)
  A vampire mosquito (D:14)
  A neqoxec (Abyss:3)
  3 chaos spawn (Abyss:3)
  Grum (D:9)
  A spatial vortex (Abyss:4)
  8 soldier ants
  3 acid dragons
  51 nagas
  5 wargs
  Duvessa (D:4)
  15 porcupines
  16 water moccasins
  8 ice beasts
  30 orc warriors
  An eye of draining (D:13)
  5 sky beasts
  A necrophage (D:5)
  13 wolves
  15 centaurs
  10 ogres
  4 crocodiles
  20 bullfrogs
  Dowan (D:4)
  9 scorpions
  7 killer bees (D:8)
  3 howler monkeys
  An electric eel (Snake:3)
  11 crimson imps
  A bullfrog zombie (D:8)
  3 lava snakes (Volcano)
  Crazy Yiuf (D:3)
  6 hounds
  8 jellies
  A quasit (D:12)
  10 orc priests
  An iron imp (Abyss:3)
  3 centaur skeletons
  4 iguanas
  12 orc wizards
  23 worker ants
  2 lightning spires (Gauntlet)
  2 hound zombies
  2 hound skeletons
  2 worker ant zombies
  2 howler monkey skeletons
  3 gnolls (D:2)
  17 adders
  3 river rats (D:4)
  4 shadow imps
  An ufetubus (Abyss:3)
  An ooze (D:1)
  An adder zombie (D:10)
  2 adder skeletons (D:6)
  6 worms
  6 leopard geckos
  57 orcs
  2 bats (D:1)
  9 giant cockroaches
  8 hobgoblins
  12 jackals
  3 quokkas
  4 ball pythons
  3 frilled lizards
  12 goblins
  13 kobolds
  A quokka skeleton (D:5)
  A quokka zombie (D:6)
  8 rats
  2 crawling corpses (Elf:3)
  5 fungi
  9 plants
  8 starspawn tentacles (Abyss:3)
1119 creatures vanquished.

Vanquished Creatures (collateral kills)
  Vashnia (Snake:2)
  Nessos (D:15)
  Josephine (D:13)
  2 hydras
  2 naga warriors (Snake:1)
  A catoblepas (Lair:6)
  A centaur warrior (Orc:2)
  3 death yaks
  2 naga sharpshooters
  Sonja (D:10)
  A shock serpent (Snake:1)
  A wretched star (Abyss:3)
  2 mana vipers (Snake:1)
  3 orc knights
  2 lindwurms (Lair:5)
  An orc sorcerer (Orc:1)
  2 salamanders
  A cyclops (D:12)
  A worldbinder (Abyss:3)
  3 black mambas
  A guardian serpent (Snake:2)
  An ice statue (IceCv)
  4 elephants
  2 spiny frogs
  A rime drake (shapeshifter) (D:12)
  A kobold demonologist (D:13)
  2 komodo dragons
  An efreet (D:15)
  A yaktaur (D:15)
  A red devil (Volcano)
  A troll (Orc:2)
  2 blink frogs
  3 slime creatures
  6 hippogriffs
  A ynoxinul (Abyss:3)
  A wyvern (Lair:5)
  10 yaks
  A fire bat (Volcano)
  A large abomination (Abyss:3)
  2 nagas (Snake:1)
  4 water moccasins
  An acid dragon (D:13)
  A warg (Orc:1)
  A hell hound (Volcano)
  A black bear (D:10)
  16 orc warriors
  3 wolves
  A crocodile (Lair:5)
  An ogre (Orc:2)
  6 centaurs
  A bullfrog (D:6)
  A wyvern zombie (D:12)
  A scorpion (D:12)
  3 killer bees (D:8)
  A bullfrog zombie (D:9)
  3 lava snakes (Volcano)
  A crimson imp (D:10)
  2 orc wizards
  An orc priest (Orc:1)
  An iguana (D:5)
  16 worker ants
  2 gnolls (Bailey)
  2 adders (Lair:3)
  A river rat (D:10)
  An adder skeleton (D:6)
  15 orcs
  3 jackals
  A ball python (Lair:3)
  A kobold (Bailey)
  A fungus (Lair:3)
  A plant (Lair:6)
169 creatures vanquished.

Vanquished Creatures (others)
  A deep elf knight (Elf:1)
  2 deep elf archers (Elf:1)
  A deep elf mage (Elf:1)
  A redback (Elf:1)
  A neqoxec (Abyss:3)
  A ball python (D:4)
  A bush (Lair:5)
  7 fungi (Lair:3)
  14 plants
  7 starspawn tentacles (Abyss:3)
36 creatures vanquished.

Grand Total: 1324 creatures vanquished

Notes
Turn   | Place    | Note
-------+----------+-------------------------------------------
     0 | D:1      | Arthanis the Gargoyle Berserker began the quest for the
                  | Orb.
     0 | D:1      | Reached XP level 1. HP: 14/14 MP: 1/1
   142 | D:1      | Reached XP level 2. HP: 19/19 MP: 2/2
   228 | D:1      | You fall into a shaft and drop 1 floor!
   239 | D:2      | Reached skill level 3 in Axes
   448 | D:2      | Reached ** piety under Trog
   448 | D:2      | Reached XP level 3. HP: 17/23 MP: 3/3
  1146 | D:1      | Reached skill level 1 in Shields
  1511 | D:2      | Reached XP level 4. HP: 11/29 MP: 4/4
  1733 | D:2      | Found a glowing silver altar of Zin.
  2304 | D:3      | Reached XP level 5. HP: 24/33 MP: 5/5
  2736 | D:3      | Reached *** piety under Trog
  2817 | D:3      | Reached skill level 4 in Axes
  3048 | D:3      | Reached XP level 6. HP: 39/39 MP: 6/6
  3235 | D:3      | Found a hide-covered altar of Uskayaw.
  3480 | D:3      | Found a runed translucent door.
  3481 | D:3      | Noticed Crazy Yiuf
  3491 | D:3      | Killed Crazy Yiuf
  3669 | D:4      | Noticed Duvessa
  3670 | D:4      | Noticed Dowan
  3692 | D:4      | Killed Duvessa
  3693 | D:4      | Killed Dowan
  3693 | D:4      | Reached XP level 7. HP: 39/44 MP: 7/7
  3777 | D:4      | Found a staircase to the Ecumenical Temple.
  3851 | D:4      | You fall into a shaft and drop 3 floors!
  3852 | D:7      | Found a flagged portal.
  3853 | D:7      | Found the cursed +14 obsidian axe {vorpal, +Fly SInv
                  | *Curse}
  3899 | D:7      | Reached skill level 5 in Axes
  3900 | D:7      | Reached skill level 5 in Fighting
  3905 | Bailey   | Entered a bailey
  3910 | Bailey   | Noticed an orc warlord
  3951 | Bailey   | Found a runed translucent gate.
  3951 | Bailey   | Found a runed translucent gate.
  3973 | Bailey   | Found a runed translucent gate.
  3979 | Bailey   | Noticed an orc knight
  3989 | Bailey   | Killed an orc knight
  3989 | Bailey   | Reached skill level 6 in Axes
  3989 | Bailey   | Reached skill level 5 in Armour
  3989 | Bailey   | Reached XP level 8. HP: 46/51 MP: 8/8
  4042 | Bailey   | Killed an orc warlord
  4042 | Bailey   | Reached skill level 7 in Axes
  4042 | Bailey   | Reached XP level 9. HP: 57/57 MP: 9/9
  4067 | Bailey   | Got a vibrating copper ring
  4076 | D:7      | Identified the ring "Geughasa" {rF+ rN+ Str+2} (You found
                  | it in a bailey)
  4094 | D:7      | Found a snail-covered altar of Cheibriados.
  4146 | D:7      | Reached skill level 8 in Axes
  4261 | D:7      | Noticed a sun demon
  4567 | D:7      | Reached **** piety under Trog
  4868 | D:6      | Found a radiant altar of Vehumet.
  4871 | D:5      | Entered Level 5 of the Dungeon
  5208 | D:4      | Noticed Pikel
  5214 | D:4      | Killed Pikel
  5214 | D:4      | Reached skill level 9 in Axes
  5214 | D:4      | Reached skill level 1 in Evocations
  5214 | D:4      | Reached XP level 10. HP: 60/64 MP: 9/11
  5535 | D:4      | Got an encrusted helmet
  5542 | D:4      | Identified the +1 helmet of Ninlegad {-Cast rC+ rN++
                  | Regen+} (You found it on level 4 of the Dungeon)
  5733 | D:5      | Identified 2 scrolls of acquirement
  5743 | D:5      | Found a basalt altar of Yredelemnul.
  5948 | D:5      | Found an ornate altar of the Wu Jian Council.
  5951 | D:5      | Found a glowing golden altar of the Shining One.
  5951 | D:5      | Found a shimmering blue altar of Sif Muna.
  5951 | D:5      | Found a sacrificial altar of Ru.
  6505 | D:8      | Reached ***** piety under Trog
  6518 | D:8      | Found a shadowy altar of Dithmenos.
  6561 | D:8      | Found a burning altar of Makhleb.
  6562 | D:8      | Found a shimmering altar of Xom.
  6961 | D:8      | Found Inosh's General Store.
  7011 | D:8      | Bought a potion of curing for 39 gold pieces
  7011 | D:8      | Bought 3 scrolls of teleportation for 117 gold pieces
  7011 | D:8      | Bought 2 scrolls of teleportation for 78 gold pieces
  7054 | D:8      | Found a blossoming altar of Fedhas.
  7164 | D:8      | Found a bloodstained altar of Trog.
  7250 | D:8      | Noticed a two-headed ogre
  7255 | D:8      | Killed a two-headed ogre
  7255 | D:8      | Reached skill level 10 in Axes
  7562 | D:9      | Found Saqy's Antique Armour Shop.
  7578 | D:9      | Bought a pitted kite shield for 237 gold pieces
  7588 | D:9      | Identified the cursed +0 kite shield of Valiance {rF- Int+2
                  | Dex+3} (You bought it in a shop on level 9 of the Dungeon)
  7625 | D:9      | Received a gift from Trog
  7695 | D:9      | Reached XP level 11. HP: 70/71 MP: 13/13
  7701 | D:9      | Noticed Grum
  7708 | D:9      | Killed Grum
  8010 | D:9      | Found a transporter.
  8020 | D:9      | Noticed a moth of wrath
  8021 | D:9      | Noticed p0werm0de's ghost (novice OpFi)
  8033 | D:9      | Found a transporter.
  8050 | D:9      | Killed a moth of wrath
  8053 | D:9      | Reached skill level 11 in Axes
  8061 | D:9      | Killed p0werm0de's ghost
  8102 | D:9      | Identified a +1 pair of boots of running (You found it on
                  | level 9 of the Dungeon)
  8332 | D:10     | Entered Level 10 of the Dungeon
  8332 | D:10     | Noticed Harold
  8343 | D:10     | Killed Harold
  8343 | D:10     | Reached skill level 10 in Fighting
  8343 | D:10     | Reached skill level 5 in Evocations
  8407 | D:10     | Noticed a brown ugly thing
  8416 | D:10     | Killed a brown ugly thing
  8516 | D:10     | Noticed Sonja
  8522 | D:10     | Killed Sonja
  8795 | D:10     | Received a gift from Trog
  8807 | D:10     | Noticed an unseen horror
  8817 | D:10     | Killed an unseen horror
  9056 | D:11     | Noticed an unseen horror
  9057 | D:11     | Found a gate leading to a gauntlet.
  9072 | D:11     | Killed an unseen horror
  9072 | D:11     | Reached skill level 12 in Axes
  9072 | D:11     | Reached XP level 12. HP: 76/78 MP: 16/16
  9084 | Gauntlet | Entered a Gauntlet
  9084 | Gauntlet | Found a transporter.
  9084 | Gauntlet | Found a transporter.
  9085 | Gauntlet | Found a transporter.
  9087 | Gauntlet | Found a transporter.
  9088 | Gauntlet | Found a transporter.
  9089 | Gauntlet | Found a transporter.
  9097 | Gauntlet | Found a transporter.
  9097 | Gauntlet | Found a transporter.
  9098 | Gauntlet | Found a transporter.
  9100 | Gauntlet | Found a transporter.
  9239 | Gauntlet | Found a transporter.
  9271 | Gauntlet | Found a transporter.
  9342 | Gauntlet | Noticed a minotaur
  9351 | Gauntlet | Killed a minotaur
  9565 | D:11     | Found a staircase to the Lair.
 10019 | D:11     | Noticed a two-headed ogre
 10024 | D:11     | Killed a two-headed ogre
 10473 | D:12     | Reached skill level 13 in Axes
 10581 | D:12     | Found a staircase to the Orcish Mines.
 10683 | D:12     | Noticed a fire dragon
 10684 | D:12     | Found a runed translucent door.
 10684 | D:12     | Noticed an ice dragon
 10684 | D:12     | Noticed an ice dragon
 10684 | D:12     | Noticed a fire dragon
 10688 | D:12     | Found the +2 shield of Resistance {rF+ rC+ MR+}
 10688 | D:12     | Found a runed translucent door.
 10702 | D:12     | Received a gift from Trog
 11163 | D:13     | Noticed Urug
 11170 | D:13     | Killed Urug
 11182 | D:13     | Reached XP level 13. HP: 86/86 MP: 17/17
 11188 | D:13     | Found a frozen archway.
 11215 | IceCv    | Entered an ice cave
 11225 | IceCv    | Reached skill level 14 in Axes
 11522 | D:13     | Found a transporter.
 11642 | D:13     | Received a gift from Trog
 11912 | D:13     | Found a transporter.
 11916 | D:13     | Noticed an acid blob
 11916 | D:13     | Noticed an acid blob
 12045 | D:13     | Noticed Josephine
 12058 | D:13     | Killed Josephine
 12160 | D:13     | Killed an acid blob
 12167 | D:13     | Killed an acid blob
 12247 | D:13     | Got a spiked scale mail
 12258 | D:13     | Identified the +6 scale mail of the Emperors {rElec rCorr}
                  | (You found it on level 13 of the Dungeon)
 12263 | D:13     | Got a pair of faintly glowing boots
 12274 | D:13     | Identified the +0 pair of boots of Love and Death {+Inv
                  | rF+} (You found it on level 13 of the Dungeon)
 12487 | D:14     | Noticed a vault guard
 12490 | D:14     | Found a gate to the Vaults.
 12490 | D:14     | Noticed a vault guard
 12490 | D:14     | Noticed a vault guard
 12490 | D:14     | Noticed a vault guard
 12496 | D:14     | Killed a vault guard
 12502 | D:14     | Killed a vault guard
 12509 | D:14     | Killed a vault guard
 12514 | D:14     | Killed a vault guard
 12519 | D:14     | Reached skill level 15 in Axes
 12519 | D:14     | Gained mutation: Your large and strong wings let you fly
                  | indefinitely. [Gargoyle growth]
 12519 | D:14     | Reached XP level 14. HP: 83/94 MP: 19/19
 12568 | D:14     | Found the +5 robe of Night {Dark MR+ SInv}
 12994 | D:15     | Entered Level 15 of the Dungeon
 13039 | D:15     | Reached ****** piety under Trog
 13200 | D:15     | Received a gift from Trog
 13396 | D:15     | Noticed Nessos
 13411 | D:15     | Killed Nessos
 13954 | D:15     | Found a staircase to the Depths.
 14194 | Orc:1    | Entered Level 1 of the Orcish Mines
 14194 | Orc:1    | Noticed a stone giant
 14206 | Orc:1    | Killed a stone giant
 14260 | Orc:1    | Reached skill level 10 in Armour
 14399 | Orc:1    | Received a gift from Trog
 14404 | Orc:1    | Found a roughly hewn altar of Beogh.
 14696 | Orc:2    | Entered Level 2 of the Orcish Mines
 14705 | Orc:2    | Found a bloodstained altar of Trog.
 14711 | Orc:2    | Gained mutation: You are frail. (-10% HP) [a neqoxec]
 14757 | Orc:2    | Found a staircase to the Elven Halls.
 14775 | Orc:2    | Reached XP level 15. HP: 90/90 MP: 21/21
 14779 | Orc:2    | Reached skill level 16 in Axes
 14812 | Orc:2    | Found Oxeagiz's Assorted Antiques.
 14812 | Orc:2    | Found Pyveshup's Antique Weapon Shop.
 14814 | Orc:2    | Found Abbaceg's Book Boutique.
 14816 | Orc:2    | Found Xagovizo's Assorted Antiques.
 14882 | Orc:2    | Bought a scroll of remove curse for 87 gold pieces
 14882 | Orc:2    | Bought a scroll of teleportation for 87 gold pieces
 14882 | Orc:2    | Bought a scroll of blinking for 217 gold pieces
 14884 | Orc:2    | Bought a scroll of teleportation for 111 gold pieces
 14884 | Orc:2    | Bought a grey potion for 33 gold pieces
 15525 | Lair:1   | Entered Level 1 of the Lair of Beasts
 15747 | Lair:1   | Received a gift from Trog
 17275 | Lair:3   | Reached skill level 5 in Shields
 17285 | Lair:3   | Received a gift from Trog
 17537 | Lair:3   | Found a staircase to the Snake Pit.
 17803 | Lair:3   | Received a gift from Trog
 19075 | Lair:4   | Found a staircase to the Shoals.
 19601 | Lair:5   | Reached skill level 17 in Axes
 19601 | Lair:5   | Reached XP level 16. HP: 96/96 MP: 23/23
 19674 | Lair:5   | Received a gift from Trog
 19696 | Lair:5   | Found the amulet of the Air {Inacc +Fly rElec EV+5 RMsl}
 20367 | Lair:6   | Entered Level 6 of the Lair of Beasts
 20367 | Lair:6   | Noticed Rupert
 20383 | Lair:6   | Killed Rupert
 20383 | Lair:6   | Reached skill level 15 in Fighting
 20390 | Lair:6   | Found a staircase to the Slime Pits.
 20471 | Lair:6   | Found a dark tunnel.
 20481 | Volcano  | Entered a volcano
 20608 | Volcano  | Received a gift from Trog
 20614 | Volcano  | Found a radiant altar of Vehumet.
 20630 | Volcano  | Reached skill level 10 in Evocations
 20762 | Lair:6   | Reached skill level 1 in Stealth
 20926 | Lair:6   | Reached skill level 5 in Stealth
 20989 | Lair:6   | Got a vibrating brass ring
 21010 | Lair:6   | Identified the ring "Niasossunk" {*Tele Stlth+} (You found
                  | it on level 6 of the Lair of Beasts)
 21351 | Lair:6   | Reached skill level 10 in Stealth
 21353 | Lair:6   | Received a gift from Trog
 21834 | Snake:1  | Entered Level 1 of the Snake Pit
 22211 | Snake:1  | Found a transporter.
 22213 | Snake:1  | Found a transporter.
 22237 | Snake:1  | Reached XP level 17. HP: 98/101 MP: 24/24
 22408 | Snake:1  | Identified the +7 halberd of Floods {vorpal, rF+ Int+4}
 22410 | Snake:1  | Identified the +9 flail of Quantum Leap {chaos, rN+}
 22411 | Snake:1  | Noticed Pufomaci's ghost (adept GrBe)
 22413 | Snake:1  | Found a bloodstained altar of Trog.
 22675 | Snake:2  | Noticed Vashnia
 22700 | Snake:2  | Killed Vashnia
 22925 | Snake:2  | Identified the +7 morningstar "Jol Qey" {vorpal, Fragile
                  | rPois Str+2 Int+2} (You found it on level 2 of the Snake
                  | Pit)
 23188 | Snake:2  | Noticed Aizul
 23216 | Snake:2  | Killed Aizul
 23669 | Snake:3  | Reached skill level 18 in Axes
 23704 | Snake:3  | Received a gift from Trog
 24257 | Snake:3  | Reached skill level 10 in Shields
 25039 | Snake:4  | Entered Level 4 of the Snake Pit
 25039 | Snake:4  | Found Mufunig's Food Shop.
 25063 | Snake:4  | Reached XP level 18. HP: 88/107 MP: 8/25
 25225 | Snake:4  | Found Gekir's Distillery.
 25233 | Snake:4  | Bought a potion of haste for 130 gold pieces
 25233 | Snake:4  | Bought a potion of mutation for 104 gold pieces
 25233 | Snake:4  | Bought a potion of heal wounds for 65 gold pieces
 25233 | Snake:4  | Bought a potion of curing for 39 gold pieces
 25233 | Snake:4  | Bought 2 potions of berserk rage for 130 gold pieces
 25233 | Snake:4  | Bought a potion of haste for 130 gold pieces
 25233 | Snake:4  | Found Laduen Raeh's Assorted Antiques.
 25240 | Snake:4  | Bought a scroll of teleportation for 81 gold pieces
 25240 | Snake:4  | Bought 3 scrolls of identify for 162 gold pieces
 25240 | Snake:4  | Bought 2 scrolls of identify for 108 gold pieces
 25240 | Snake:4  | Bought a scroll of teleportation for 81 gold pieces
 25334 | Snake:4  | Bought a steaming plate armour for 756 gold pieces
 25346 | Snake:4  | Identified the +3 plate armour "Vajugeik" {MR+ Dex+3} (You
                  | bought it in a shop on level 4 of the Snake Pit)
 25554 | Snake:4  | Found Gilajy's Distillery.
 25919 | Snake:4  | Received a gift from Trog
 26150 | Snake:4  | Got a serpentine rune of Zot
 26528 | Elf:1    | Entered Level 1 of the Elven Halls
 26757 | Elf:1    | Cast into level 3 of the Abyss (deep elf archer)
 26969 | Elf:1    | Escaped the Abyss
 27208 | Elf:1    | Received a gift from Trog
 27615 | Elf:1    | Reached skill level 19 in Axes
 27771 | Elf:1    | Identified the Guide on Creation
 28141 | Elf:2    | Reached XP level 19. HP: 112/112 MP: 26/26
 28154 | Elf:2    | Found a huge runed translucent gate.
 28154 | Elf:2    | Found a huge runed translucent gate.
 28154 | Elf:2    | Found a huge runed translucent gate.
 28154 | Elf:2    | Found a huge runed translucent gate.
 28157 | Elf:2    | Found a huge runed translucent gate.
 28394 | Elf:2    | Received a gift from Trog
 28783 | Elf:3    | Entered Level 3 of the Elven Halls
 28985 | Elf:3    | Found Ralenked's Jewellery Shop.
 28985 | Elf:3    | Found Vuhiwot's Gadget Emporium.
 28986 | Elf:3    | Found Moigasy's Gadget Emporium.
 29050 | Elf:3    | Reached skill level 5 in Dodging
 29146 | Elf:3    | Received a gift from Trog
 29541 | Elf:3    | Found Kawite Illu's Armour Emporium.
 29607 | Elf:3    | Cast into level 2 of the Abyss (a deep elf sorcerer)
 29614 | Abyss:2  | Found a corrupted altar of Lugonu.
 29803 | Abyss:4  | Found a corrupted altar of Lugonu.
 29830 | Abyss:4  | Noticed a hellephant
 29874 | Elf:3    | Escaped the Abyss
 29914 | Elf:3    | Killed from afar by a deep elf annihilator

Illustrated notes

Levels and vault maps discovered:
D:1:      lemuel_arrival_behind_the_door_small, layout_loops_ring
D:2:      layout_basic, zin_academy, first_ration
D:3:      layout_basic, eat_drink_and_be_merry_uskayaw, uniq_crazy_yiuf_cottage
D:4:      layout_loops_corners, temple_doors_cd, lightli_sewer_entry_pipes,
          uniq_pikel, uniq_duvessa
D:5:      layout_basic, yredelemnul_altar_generic, grunt_temple_overflow_open
D:6:      layout_rooms, fiery_altar_vehumet, minivault_5
D:7:      layout_rooms, enter_bailey_2, basic_altar
D:8:      layout_basic, grunt_temple_overflow_champion_of_chaos, bloody_trog,
          nicolae_dithmenos_shadow_blocks, kennysheep_mini_moat, serial_shops,
          shop
D:9:      layout_basic, serial_shops, shop, gammafunk_ghost_berserking_beasts,
          hangedman_pestilent_swarm, roderic_nine_men_s_morris, hive_lemuel,
          uniq_grum
D:10:     layout_loops_ring, pond, uniq_sonja, uniq_harold
D:11:     layout_grid_maze, dpeg_oklobed_lair, gauntlet_entry_generic,
          evilmike_butchery
D:12:     layout_irregular_city, orc_0_dummy, minmay_guarded_unrand_resistance
D:13:     gammafunk_cloud_chamber, layout_basic, portal_ice_cave_rime,
          uniq_urug, uniq_josephine
D:14:     layout_roguey, lightli_vaults_fourway_checkpoint, minivault_19
D:15:     grunt_enter_depths_snipers, layout_stronghold,
          chequers_serial_rivers_large_a, uniq_nessos
Lair:1:   layout_loops_ring
Lair:2:   layout_cave_pods, lemuel_fruit_fields, lemuel_fruit_fields,
          grunt_megastairs_5, serial_bayou_shore_a
Lair:3:   layout_layer_cave, minmay_snake_entry_six_corridors,
          zaba_antful_of_joy
Lair:4:   layout_hall_layers, shoals_dummy_entry, lemuel_fruit_fields,
          grunt_megastairs_4
Lair:5:   layout_roguey, special_room [special_room_mythical_zoo],
          fungi_pond_lemuel, minmay_lindwurm_lava
Lair:6:   grunt_lair_end_beastmaster, layout_cave_pods,
          minmay_slime_entry_pillars, lightli_volcano_entry_magma_tube,
          hibernation_bobbens, uniq_rupert
Snake:1:  layout_onion, gammafunk_ghost_wrathful_warriors, drop_trap
Snake:2:  layout_misc_corridors, uniq_vashnia, uniq_aizul
Snake:3:  layout_cave_town, serial_bayou_lake_a, grunt_megastairs_2
Snake:4:  minmay_snake_end_coiled, layout_onion_interference, serial_shops,
          shop_statue, shop, minmay_shoptagon
Orc:1:    layout_diamond_mine, mines2_david
Orc:2:    st_orc_rangers, layout_caves, basic_altar
Elf:1:    minmay_elf_arrival_summoners, layout_gridlike, serial_corexii_hall,
          corexii_hall_statues_x, corexii_hall_statues_deadend,
          corexii_hall_statues_u, minmay_elf_demonology,
          serial_sigils_hangedman_quiver, drop_trap
Elf:2:    layout_gridlike, minivault_16, solitary_fountain, uniq_louise,
          uniq_agnes
Elf:3:    grunt_elf_hall_asides, layout_geoelf_diagonals, serial_shops, shop,
          grunt_ministairs_7, minmay_shop_grove

Skill      XL: |  1  2  3  4  5  6  7  8  9 10 11 12 13 14 15 16 17 18 19 |
---------------+----------------------------------------------------------+-----
Axes           | 3 4 6 7 9 10 12 13 15 17 18 19 | 19.7
Shields        | 1 2 3 4 6 7 11 | 11.8
Dodging        | 2 3 4 5 |  5.8
Armour         | 3 5 6 8 10 11 13 | 13.8
Fighting       | 4 5 7 8 9 10 12 13 14 15 16 | 16.6
Evocations     | 1 3 5 6 7 8 9 10 | 10.8
Stealth        | 13 14 | 14.0

Action                   |  1- 3 |  4- 6 |  7- 9 | 10-12 | 13-15 | 16-18 | 19-21 || total
-------------------------+-------+-------+-------+-------+-------+-------+-------++-------
Melee: Hand axe          |   308 |   344 |    25 |       |       |       |       ||   677
       Broad axe         |       |       |   141 |   385 |   681 |  1102 |       ||  2309
       Executioner's axe |       |       |       |       |       |   513 |   455 ||   968
Invok: Berserk           |     1 |     8 |     4 |     6 |    14 |    14 |     5 ||    52
       Trog's Hand       |       |     3 |     2 |     2 |    10 |     8 |     7 ||    32
       Brothers in Arms  |       |       |       |       |       |       |     1 ||     1
 Abil: Evoke Flight      |       |       |       |       |     1 |       |       ||     1
       Fly               |       |       |       |       |       |     1 |       ||     1
Evoke: Wand              |       |       |       |       |     1 |       |     1 ||     2
       Lightning rod     |       |       |       |       |       |       |     4 ||     4
  Use: Scroll            |       |     8 |     1 |    12 |    11 |    17 |     1 ||    50
       Potion            |       |     1 |       |       |       |     2 |     1 ||     4
 Stab: Distracted        |       |       |       |     3 |    10 |     4 |     1 ||    18
       Confused          |       |       |       |       |     1 |       |       ||     1
  Eat: Chunk             |     3 |     8 |     9 |    20 |    35 |    23 |     8 ||   106
       Ration            |       |     3 |       |     1 |     2 |     7 |     2 ||    15
Armor: Chain mail        |   204 |   296 |    70 |       |       |       |       ||   570
       Plate armour      |       |       |    49 |   226 |   507 |   970 |   390 ||  2142
Dodge: Dodged            |    34 |    43 |    25 |    50 |   128 |   775 |   392 ||  1447
       Repelled          |       |       |       |       |       |   103 |    38 ||   141
Block: Tower shield      |   212 |   265 |   125 |   271 |   315 |       |       ||  1188
       Kite shield       |       |       |       |       |   167 |   658 |       ||   825

Table legend:
 A = Non-vault XP
 B = Vault XP
 C = Vault XP percentage of total XP
 D = Non-vault monster count
 E = Vault monster count
 F = Vault count percentage of total count
                 A         B        C        D         E       F
            +---------+---------+-------+---------+---------+-------
      Total |  256854 |  137383 |  34.8 |     908 |     358 |  28.3
            +---------+---------+-------+---------+---------+-------
        D:1 |      48 |       0 |   0.0 |      26 |       0 |   0.0
        D:2 |     101 |       0 |   0.0 |      22 |       0 |   0.0
        D:3 |     231 |      44 |  16.0 |      35 |       1 |   2.8
        D:4 |       3 |     865 |  99.7 |       1 |      12 |  92.3
        D:5 |     474 |       0 |   0.0 |      15 |       0 |   0.0
        D:6 |     646 |       0 |   0.0 |      19 |       0 |   0.0
        D:7 |    1218 |       0 |   0.0 |      20 |       0 |   0.0
        D:8 |    2143 |      48 |   2.2 |      34 |       1 |   2.9
        D:9 |    1835 |    3749 |  67.1 |      25 |      16 |  39.0
       D:10 |    2592 |    2036 |  44.0 |      22 |       7 |  24.1
       D:11 |    2505 |       0 |   0.0 |      11 |       0 |   0.0
       D:12 |    5038 |    3968 |  44.1 |      36 |       4 |  10.0
       D:13 |    5950 |    7680 |  56.3 |      29 |      12 |  29.3
       D:14 |    5470 |    6704 |  55.1 |      21 |      12 |  36.4
       D:15 |   14203 |    3463 |  19.6 |      52 |       4 |   7.1
     Lair:1 |    3651 |       0 |   0.0 |      17 |       0 |   0.0
     Lair:2 |    7543 |     137 |   1.8 |      23 |       1 |   4.2
     Lair:3 |    8855 |    2790 |  24.0 |      33 |      44 |  57.1
     Lair:4 |    7022 |    1250 |  15.1 |      23 |       5 |  17.9
     Lair:5 |    6389 |    9545 |  59.9 |      36 |      24 |  40.0
     Lair:6 |    8792 |   13456 |  60.5 |      30 |      26 |  46.4
    Snake:1 |   15475 |    2922 |  15.9 |      31 |       4 |  11.4
    Snake:2 |   10630 |   10073 |  48.7 |      21 |       7 |  25.0
    Snake:3 |   31532 |    3017 |   8.7 |      60 |      10 |  14.3
    Snake:4 |   11220 |   18250 |  61.9 |      22 |      33 |  60.0
      Orc:1 |    8672 |       9 |   0.1 |      41 |       3 |   6.8
      Orc:2 |    3452 |    4026 |  53.8 |      26 |      39 |  60.0
      Elf:1 |   23488 |    6333 |  21.2 |      44 |      10 |  18.5
      Elf:2 |   20110 |    2476 |  11.0 |      31 |       3 |   8.8
      Elf:3 |   21275 |   12859 |  37.7 |      35 |       9 |  20.5
    Abyss:3 |   25484 |     597 |   2.3 |      66 |       3 |   4.3
    Abyss:4 |     807 |    8383 |  91.2 |       1 |      10 |  90.9
     Bailey |       0 |    1995 | 100.0 |       0 |      17 | 100.0
      IceCv |       0 |    2793 | 100.0 |       0 |      11 | 100.0
    Volcano |       0 |    4768 | 100.0 |       0 |      21 | 100.0
   Gauntlet |       0 |    3147 | 100.0 |       0 |       9 | 100.0
            +---------+---------+-------+---------+---------+-------
